SAA
TACOMA FUR TRADERS @ LANCASTER FARMERS
06/22/2042
 
TOP OF THE 1ST
Tacoma Fur Traders batting - Pitching for Lancaster Farmers : RHP Marvin Stevens
Pitching: RHP Marvin Stevens
Batting: RHB Axel Chicote 0-0: Foul Ball, location: 2F
0-1: Called Strike
0-2: Ball
1-2: Foul Ball, location: 2F
1-2: Strikes out swinging
Batting: LHB Bari bin Sayyid 0-0: Ball
1-0: Foul Ball, location: 2F
1-1: Fly out, F7 (Flyball, 7D, EV 89.4 MPH)
Batting: LHB Hori Ikenaki 0-0: Called Strike
0-1: DOUBLE (Flyball, 8LXD, EV 100.6 MPH)
Batting: LHB Cho-yun Yip 0-0: Ball
1-0: Ball
2-0: Fly out, F7 (Flyball, 7LMF, EV 102.5 MPH)
Top of the 1st over - 0 runs, 1 hit, 0 errors, 1 left on base; Tacoma 0 - Lancaster 0
BOTTOM OF THE 1ST
Lancaster Farmers batting - Pitching for Tacoma Fur Traders : RHP Pascal Durand
Pitching: RHP Pascal Durand
Batting: LHB Conrad Overdevest 0-0: Ball
1-0: SINGLE (Groundball, 4D, EV 98.1 MPH)
Batting: RHB Archie Pittman 0-0: Hit by Pitch
Conrad Overdevest to second
Batting: LHB Robert Shannon 0-0: Foul Ball, location: 2F
0-1: Grounds into double play, 4-6-3 (Groundball, 4, EV 81.9 MPH)
Conrad Overdevest to third
Batting: LHB Eugene Walker 0-0: Foul Ball, location: 2F
0-1: Foul Ball, location: 2F
0-2: Ball
1-2: Foul Ball, location: 2F
1-2: Ball
2-2: Foul Ball, location: 2F
2-2: Foul Ball, location: 2F
2-2: Ball
3-2: Base on Balls
Batting: RHB Gonzalo Perales 0-0: Ball
1-0: SINGLE (Line Drive, 4M, EV 95.6 MPH)
Conrad Overdevest scores
Eugene Walker to second
Batting: RHB António Andrés 0-0: Called Strike
0-1: Ball
1-1: SINGLE (Line Drive, 4MD, EV 96.2 MPH)
Eugene Walker to third
Gonzalo Perales to second
Runner from 3rd tries for Home, SAFE, throw by CF to home
Batting: RHB Thurman Williams 0-0: SINGLE (Flyball, 9S, EV 89.4 MPH)
Gonzalo Perales to third
António Andrés to second
Runner from 3rd tries for Home, SAFE, no throw by RF
Batting: RHB Nick O'Quigley 0-0: Called Strike
0-1: DOUBLE (Line Drive, 7LD, EV 107.5 MPH)
António Andrés scores
Thurman Williams to third
Batting: RHB Fabrice Boyer 0-0: Ball
1-0: Foul Ball, location: 2F
1-1: Ground out 6-3 (Groundball, 6, EV 98.1 MPH)
Bottom of the 1st over - 4 runs, 5 hits, 0 errors, 2 left on base; Tacoma 0 - Lancaster 4
TOP OF THE 2ND
Tacoma Fur Traders batting - Pitching for Lancaster Farmers : RHP Marvin Stevens
Batting: LHB Sherman Hoffman 0-0: Ball
1-0: SINGLE (Groundball, 4MD, EV 96.9 MPH)
Batting: RHB Terry Boyle 0-0: Ball
1-0: Ball
2-0: Called Strike
2-1: Foul Ball, location: 2F
2-2: Foul Ball, location: 2F
2-2: Fly out, F6 (Line Drive, 6, EV 73.1 MPH)
Batting: RHB Mack Bray 0-0: Called Strike
0-1: Called Strike
0-2: Ball
1-2: Ball
2-2: Ball
3-2: Strikes out swinging
Sherman Hoffman steals 2nd base
Batter strikes out.
Batting: RHB Jeroen Penning 0-0: Called Strike
0-1: Called Strike
0-2: Foul Ball, location: 2F
0-2: Ball
1-2: Ball
2-2: Strikes out swinging
Top of the 2nd over - 0 runs, 1 hit, 0 errors, 1 left on base; Tacoma 0 - Lancaster 4
BOTTOM OF THE 2ND
Lancaster Farmers batting - Pitching for Tacoma Fur Traders : RHP Pascal Durand
Batting: LHB Conrad Overdevest 0-0: Called Strike
0-1: Foul Ball, location: 2F
0-2: Ball
1-2: Strikes out looking
Batting: RHB Archie Pittman 0-0: Called Strike
0-1: SINGLE (Groundball, 56S, EV 68.1 MPH) (infield hit)
Batting: LHB Robert Shannon 0-0: Fly out, F7 (Flyball, 78D, EV 98.1 MPH)
Batting: LHB Eugene Walker 0-0: Ball
1-0: 2-RUN HOME RUN (Flyball, 89XD, EV 98.8 MPH), Distance : 407 ft
Batting: RHB Gonzalo Perales 0-0: Fly out, F7 (Line Drive, 7, EV 86.9 MPH)
Bottom of the 2nd over - 2 runs, 2 hits, 0 errors, 0 left on base; Tacoma 0 - Lancaster 6
TOP OF THE 3RD
Tacoma Fur Traders batting - Pitching for Lancaster Farmers : RHP Marvin Stevens
Batting: RHB Eduardo Sainz 0-0: Ball
1-0: Ball
2-0: Fly out, F7 (Flyball, 7S, EV 80.6 MPH)
Batting: RHB Axel Chicote 0-0: SOLO HOME RUN (Flyball, 7LD, EV 88.1 MPH), Distance : 339 ft
Batting: LHB Bari bin Sayyid 0-0: Fly out, F7 (Flyball, 7D, EV 101.9 MPH)
Batting: LHB Hori Ikenaki 0-0: Called Strike
0-1: Fly out, F8 (Flyball, 8LM, EV 91.2 MPH)
Top of the 3rd over - 1 run, 1 hit, 0 errors, 0 left on base; Tacoma 1 - Lancaster 6
BOTTOM OF THE 3RD
Lancaster Farmers batting - Pitching for Tacoma Fur Traders : RHP Pascal Durand
Batting: RHB António Andrés 0-0: Called Strike
0-1: Ball
1-1: Foul Ball, location: 2F
1-2: Foul Ball, location: 2F
1-2: Ball
2-2: Ball
3-2: Base on Balls
Pitching: LHP Sung-tae O
Batting: RHB Thurman Williams 0-0: Ball
1-0: Ball
2-0: SINGLE (Line Drive, 7LM, EV 101.9 MPH)
António Andrés to second
Batting: RHB Nick O'Quigley 0-0: Grounds into double play, 6-4-3 (Groundball, 6, EV 102.5 MPH)
António Andrés to third
Batting: RHB Fabrice Boyer 0-0: Ball
1-0: Called Strike
1-1: Foul Ball, location: 2F
1-2: Ball
2-2: Ball
3-2: Foul Ball, location: 2F
3-2: Strikes out swinging
Bottom of the 3rd over - 0 runs, 1 hit, 0 errors, 1 left on base; Tacoma 1 - Lancaster 6
TOP OF THE 4TH
Tacoma Fur Traders batting - Pitching for Lancaster Farmers : RHP Marvin Stevens
Batting: LHB Cho-yun Yip 0-0: Ball
1-0: Foul Ball, location: 2F
1-1: SINGLE (Groundball, 6MD, EV 102.5 MPH)
Batting: LHB Sherman Hoffman 0-0: Ball
1-0: Foul Ball, location: 2F
1-1: Ball
2-1: Ball
3-1: Foul Ball, location: 2F
3-2: Foul Ball, location: 2F
3-2: Foul Ball, location: 2F
3-2: Strikes out swinging
Batting: RHB Terry Boyle 0-0: Foul Ball, location: 2F
0-1: Foul Ball, location: 2F
0-2: Ball
1-2: Ball
2-2: Foul Ball, location: 2F
2-2: Foul Ball, location: 2F
2-2: Grounds into double play, 5-4-3 (Groundball, 56, EV 86.2 MPH)
Top of the 4th over - 0 runs, 1 hit, 0 errors, 0 left on base; Tacoma 1 - Lancaster 6
BOTTOM OF THE 4TH
Lancaster Farmers batting - Pitching for Tacoma Fur Traders : LHP Sung-tae O
Batting: LHB Conrad Overdevest 0-0: Called Strike
0-1: Ball
1-1: Swinging Strike
1-2: Foul Ball, location: 2F
1-2: Foul Ball, location: 2F
1-2: Ball
2-2: Ball
3-2: Foul Ball, location: 2F
3-2: Base on Balls
Batting: RHB Archie Pittman 0-0: Fly out, F7 (Flyball, 78M, EV 92.5 MPH)
Batting: LHB Robert Shannon 0-0: Ball
1-0: Ball
2-0: Called Strike
2-1: Foul Ball, location: 2F
2-2: Ball
3-2: Base on Balls
Conrad Overdevest to second
Batting: LHB Eugene Walker 0-0: Called Strike
0-1: Swinging Strike
0-2: Strikes out swinging
Batting: RHB Gonzalo Perales 0-0: Fielders Choice at 2nd, 6-4 (Groundball, 56, EV 107.5 MPH)
Bottom of the 4th over - 0 runs, 0 hits, 0 errors, 2 left on base; Tacoma 1 - Lancaster 6
TOP OF THE 5TH
Tacoma Fur Traders batting - Pitching for Lancaster Farmers : RHP Marvin Stevens
Batting: RHB Mack Bray 0-0: Ball
1-0: DOUBLE (Line Drive, 89D, EV 104.4 MPH)
Batting: RHB Jeroen Penning 0-0: Called Strike
0-1: Called Strike
0-2: Foul Ball, location: 2F
0-2: Strikes out swinging
Batting: RHB Eduardo Sainz 0-0: Ball
1-0: Ball
2-0: Foul Ball, location: 2F
2-1: TRIPLE (Flyball, 8RXD, EV 91.9 MPH)
Mack Bray scores
Batting: RHB Axel Chicote 0-0: Swinging Strike
0-1: Ball
1-1: Fly out, F8 (Flyball, 89D, EV 93.1 MPH)
Runner from 3rd tags up, SCORES, throw by CF
Batting: LHB Bari bin Sayyid 0-0: Called Strike
0-1: Foul Ball, location: 2F
0-2: Ball
1-2: Ball
2-2: Ball
3-2: Foul Ball, location: 2F
3-2: Base on Balls
Batting: LHB Hori Ikenaki 0-0: Ball
1-0: Called Strike
1-1: DOUBLE (Groundball, 5L, EV 104.4 MPH)
Bari bin Sayyid to third
Runner from 3rd tries for Home, throw by LF and OUT! 7-6-2
Top of the 5th over - 2 runs, 3 hits, 0 errors, 1 left on base; Tacoma 3 - Lancaster 6
BOTTOM OF THE 5TH
Lancaster Farmers batting - Pitching for Tacoma Fur Traders : LHP Sung-tae O
Batting: RHB António Andrés 0-0: Called Strike
0-1: SINGLE (Line Drive, 8RS, EV 87.5 MPH)
Batting: RHB Thurman Williams 0-0: Sac Bunt to 15S - play at first, batter OUT! 1-3
António Andrés to second
Batting: RHB Nick O'Quigley 0-0: Called Strike
0-1: Fly out, F8 (Line Drive, 8RM, EV 96.9 MPH)
Batting: RHB Fabrice Boyer 0-0: Ball
1-0: Swinging Strike
1-1: Ground out 6-3 (Groundball, 56, EV 80.0 MPH)
Bottom of the 5th over - 0 runs, 1 hit, 0 errors, 1 left on base; Tacoma 3 - Lancaster 6
TOP OF THE 6TH
Tacoma Fur Traders batting - Pitching for Lancaster Farmers : RHP Marvin Stevens
Batting: LHB Cho-yun Yip 0-0: Called Strike
0-1: Foul Ball, location: 2F
0-2: Ball
1-2: Ground out U3 (Groundball, 34, EV 88.8 MPH)
Batting: LHB Sherman Hoffman 0-0: Called Strike
0-1: Called Strike
0-2: Strikes out swinging
Batting: RHB Terry Boyle 0-0: Foul Ball, location: 2F
0-1: Called Strike
0-2: Strikes out swinging
Top of the 6th over - 0 runs, 0 hits, 0 errors, 0 left on base; Tacoma 3 - Lancaster 6
BOTTOM OF THE 6TH
Lancaster Farmers batting - Pitching for Tacoma Fur Traders : LHP Sung-tae O
Batting: LHB Conrad Overdevest 0-0: Fly out, F8 (Flyball, 8LM, EV 91.2 MPH)
Batting: RHB Archie Pittman 0-0: Swinging Strike
0-1: Called Strike
0-2: Ball
1-2: Ball
2-2: SINGLE (Line Drive, 6M, EV 102.5 MPH)
Batting: LHB Robert Shannon 0-0: Swinging Strike
0-1: Ball
1-1: Fly out, F7 (Flyball, 7, EV 93.8 MPH)
Batting: LHB Eugene Walker 0-0: Ball
1-0: Ball
2-0: Fly out, F3 (Popup, 3, EV 70.0 MPH)
Bottom of the 6th over - 0 runs, 1 hit, 0 errors, 1 left on base; Tacoma 3 - Lancaster 6
TOP OF THE 7TH
Tacoma Fur Traders batting - Pitching for Lancaster Farmers : RHP Marvin Stevens
Batting: RHB Mack Bray 0-0: Ball
1-0: DOUBLE (Groundball, 5L, EV 103.1 MPH)
Batting: RHB Jeroen Penning 0-0: Called Strike
0-1: Swinging Strike
0-2: Strikes out swinging
Batting: RHB Eduardo Sainz 0-0: Called Strike
0-1: Fly out, F7 (Flyball, 78S, EV 86.2 MPH)
Batting: RHB Axel Chicote 0-0: Foul Ball, location: 2F
0-1: Ball
1-1: Ball
2-1: Ball
3-1: Called Strike
3-2: Base on Balls
Batting: LHB Bari bin Sayyid 0-0: Called Strike
0-1: Ball
1-1: Ball
2-1: Swinging Strike
2-2: Foul Ball, location: 2F
2-2: Foul Ball, location: 2F
2-2: Ball
3-2: Fly out, F8 (Flyball, 8LM, EV 82.5 MPH)
Top of the 7th over - 0 runs, 1 hit, 0 errors, 2 left on base; Tacoma 3 - Lancaster 6
BOTTOM OF THE 7TH
Lancaster Farmers batting - Pitching for Tacoma Fur Traders : LHP Sung-tae O
Batting: RHB Gonzalo Perales 0-0: Foul Ball, location: 2F
0-1: SINGLE (Line Drive, 6MD, EV 95.0 MPH)
Pitching: RHP Theodosio Brederode
Batting: RHB António Andrés 0-0: Called Strike
0-1: Ball
1-1: Foul Ball, location: 2F
1-2: Strikes out swinging
Batting: RHB Thurman Williams 0-0: Ball
1-0: Ball
2-0: Ball
3-0: Base on Balls
Gonzalo Perales to second
Batting: RHB Nick O'Quigley 0-0: Grounds into double play, 5-4-3 (Groundball, 56S, EV 87.5 MPH)
Bottom of the 7th over - 0 runs, 1 hit, 0 errors, 1 left on base; Tacoma 3 - Lancaster 6
TOP OF THE 8TH
Tacoma Fur Traders batting - Pitching for Lancaster Farmers : RHP Marvin Stevens
Pitching: RHP Dave Green
Batting: LHB Hori Ikenaki 0-0: Foul Ball, location: 2F
0-1: Fly out, F6 (Popup, 6M, EV 72.5 MPH)
Batting: LHB Cho-yun Yip 0-0: Swinging Strike
0-1: Foul Ball, location: 2F
0-2: Ball
1-2: Ball
2-2: Ball
3-2: Strikes out looking
Batting: LHB Sherman Hoffman 0-0: Ball
1-0: Foul Ball, location: 2F
1-1: SINGLE (Groundball, 4MD, EV 105.0 MPH)
Batting: RHB Terry Boyle 0-0: Foul Ball, location: 2F
0-1: Ball
1-1: Ball
2-1: Foul Ball, location: 2F
2-2: Strikes out swinging
Top of the 8th over - 0 runs, 1 hit, 0 errors, 1 left on base; Tacoma 3 - Lancaster 6
BOTTOM OF THE 8TH
Lancaster Farmers batting - Pitching for Tacoma Fur Traders : RHP Theodosio Brederode
Batting: RHB Fabrice Boyer 0-0: Ball
1-0: Fly out, F6 (Popup, 6, EV 58.1 MPH)
Batting: LHB Conrad Overdevest 0-0: Swinging Strike
0-1: Foul Ball, location: 2F
0-2: Ball
1-2: Foul Ball, location: 2F
1-2: SINGLE (Groundball, 3D, EV 96.2 MPH)
Batting: RHB Archie Pittman 0-0: Ball
1-0: Grounds into double play, 6-4-3 (Groundball, 6, EV 109.4 MPH)
Bottom of the 8th over - 0 runs, 1 hit, 0 errors, 0 left on base; Tacoma 3 - Lancaster 6
TOP OF THE 9TH
Tacoma Fur Traders batting - Pitching for Lancaster Farmers : RHP Dave Green
Pitching: RHP Casey Ball
Batting: RHB Mack Bray 0-0: Ground out 4-3 (Groundball, 4, EV 79.4 MPH)
Batting: RHB Jeroen Penning 0-0: Called Strike
0-1: Ball
1-1: Foul Ball, location: 2F
1-2: Ball
2-2: Strikes out swinging
Batting: RHB Eduardo Sainz 0-0: Ball
1-0: Swinging Strike
1-1: Swinging Strike
1-2: Foul Ball, location: 2F
1-2: Ball
2-2: Ball
3-2: Base on Balls
Batting: RHB Axel Chicote 0-0: Swinging Strike
0-1: Foul Ball, location: 2F
0-2: Ball
1-2: 2-RUN HOME RUN (Flyball, 7LD, EV 95.0 MPH), Distance : 353 ft
Batting: LHB Bari bin Sayyid 0-0: Called Strike
0-1: Ball
1-1: Foul Ball, location: 2F
1-2: Foul Ball, location: 2F
1-2: Ball
2-2: Ball
3-2: Ground out 6-3 (Groundball, 6, EV 84.4 MPH)
Top of the 9th over - 2 runs, 1 hit, 0 errors, 0 left on base; Tacoma 5 - Lancaster 6
Friday, March 26th, 2021 - OOTP Baseball 20.8 Build 74